 Dungeon Crawl Stone Soup version 0.20.1-1-g8b1a95d (webtiles) character file.

690 pstr the Conjurer (level 7, 0/36 HPs)
             Began as a Kobold Conjurer on Nov 16, 2017.
             Was an Initiate of Qazlal.
             Slain by a killer bee (4 damage)
             ... on level 4 of the Dungeon.
             The game lasted 00:14:50 (5736 turns).

pstr the Conjurer (Kobold Conjurer)                 Turns: 5736, Time: 00:14:51

Health: 0/36       AC:  8    Str:  5    XL:     7   Next: 95%
Magic:  12/15      EV: 14    Int: 19    God:    Qazlal [......]
Gold:   150        SH:  0    Dex: 19    Spells: 14/17 levels left

rFire    . . .     SeeInvis +   e - +3 quarterstaff (chaos)
rCold    . . .     Gourm    .   (shield currently unavailable)
rNeg     . . .     Faith    .   l - +0 ring mail
rPois    .         Spirit   .   (no helmet)
rElec    .         Reflect  .   g - +0 cloak
rCorr    .         Harm     .   s - +0 pair of gloves
MR       .....                  (no boots)
Stlth    +++.......             (no amulet)
Regen    0.2/turn               k - +4 ring of dexterity
MPRegen  0.2/turn               u - ring of see invisible

@: lethally poisoned (0 -> -1)
A: carnivore 3
a: Renounce Religion


You were on level 4 of the Dungeon.
You worshipped Qazlal.
Qazlal was noncommittal.
You were completely stuffed.

You visited 1 branch of the dungeon, and saw 4 of its levels.

You collected 150 gold pieces.

Inventory:

Hand Weapons
 e - a +3 quarterstaff of chaos (weapon)
 n - a +0 short sword
 r - a +1 dagger of protection
Missiles
 d - 91 stones (quivered)
 H - 15 arrows
Armour
 a - a +0 robe
 f - a +0 leather armour
 g - a +0 cloak (worn)
 l - a +0 ring mail (worn)
 s - a +0 pair of gloves (worn)
 C - a cursed +0 scale mail
Jewellery
 k - a +4 ring of dexterity (left hand)
 u - a ring of see invisible (right hand)
 v - an uncursed ring of protection from cold
Wands
 j - a wand of random effects (22/48)
 t - a wand of iceblast (8/15)
 D - a wand of flame (35/48)
Scrolls
 m - a scroll of remove curse
 q - 2 scrolls of teleportation
 w - a scroll of identify
 y - a scroll of blinking {unknown}
 A - a scroll of amnesia {unknown}
 B - 2 scrolls of fog {unknown}
 G - a scroll of enchant armour {unknown}
 I - a scroll of enchant weapon {unknown}
Potions
 i - a potion of lignification
 o - a potion of magic {unknown}
 p - a potion of might {unknown}
 x - a potion of brilliance {unknown}
 z - a potion of curing
 E - a potion of agility {unknown}
Books
 b - a book of Conjurations

   Spells                             Type                      Level
   a - Magic Dart                     Conjuration                  1
   b - Searing Ray                    Conjuration                  2
   c - Dazzling Spray                 Conjuration/Hexes            3
   d - Fulminant Prism                Conjuration/Hexes            4
   e - Force Lance                    Conjuration/Translocation    4
   f - Iskenderun's Mystic Blast      Conjuration                  4
Comestibles
 c - 2 meat rations
 h - 4 royal jellies
 F - 3 chunks of flesh


   Skills:
 + Level 0.2 Fighting
 + Level 5.1 Short Blades
 + Level 4.2 Throwing
 + Level 3.3 Armour
 + Level 5.6 Dodging
 + Level 6.5 Stealth
 + Level 3.8 Unarmed Combat
 + Level 5.6 Spellcasting
 + Level 7.1 Conjurations


You had 14 spell levels left.
You knew the following spells:

 Your Spells              Type           Power        Failure   Level  Hunger
a - Magic Dart            Conj           ####         2%          1    None
b - Searing Ray           Conj           ####..       4%          2    None


Dungeon Overview and Level Annotations

Branches:
Dungeon (4/15)
 Temple: D:4-7

Altars:
Fedhas
Qazlal


Innate Abilities, Weirdness & Mutations

You are small and have problems with some larger weapons.
You are carnivorous and can eat meat at any time.


Message History

You feel sick.
A killer bee comes into view.
You feel sick.
The killer bee moves out of view.
The killer bee stings you. The killer bee completely misses you.
It was a potion of curing.
You feel better. The killer bee stings you.
You are poisoned.
The killer bee poisons you! The killer bee closely misses you.
You feel sick. The killer bee barely misses you. The killer bee stings you.
* * * LOW HITPOINT WARNING * * *
A killer bee comes into view.
You feel sick. The killer bee stings you.
* * * LOW HITPOINT WARNING * * *
The killer bee misses you. The killer bee closely misses you.
You hit the killer bee but do no damage.
The killer bee is poisoned.
The killer bee is heavily wounded.
You feel sick. The killer bee stings you.
You die...

########### #.......y@###
#.#######.y.#
#####.#######y..#####
#>....y.............#### ##
#...#.....#####.##.. .
###.#.#...# #..#.# #
#...#.#.# ##.#.# #
###....รท######.#.#### #
#w......#..[....##......####


You could see 3 killer bees.

Vanquished Creatures
  Sigmund (D:3)
  An ogre (D:2)
  A scorpion (D:4)
  2 hounds
  An orc wizard (D:3)
  Crazy Yiuf (D:2)
  Jessica (D:2)
  2 adders
  7 gnolls
  An ooze (D:1)
  An adder skeleton (D:4)
  A worm (D:2)
  3 dart slugs
  4 leopard geckos
  8 orcs (D:3)
  3 ball pythons (D:1)
  7 bats
  3 giant cockroaches
  12 goblins
  8 hobgoblins
  4 jackals (D:1)
  2 quokkas
  8 frilled lizards
  12 kobolds
  5 rats
99 creatures vanquished.

Notes
Turn   | Place    | Note
-------+----------+-------------------------------------------
     0 | D:1      | pstr the Kobold Conjurer began the quest for the Orb.
     0 | D:1      | Reached XP level 1. HP: 10/10 MP: 3/3
   707 | D:1      | Reached XP level 2. HP: 15/15 MP: 0/5
   711 | D:1      | Learned a level 2 spell: Searing Ray
  1160 | D:1      | Reached XP level 3. HP: 19/19 MP: 4/6
  2555 | D:1      | Reached XP level 4. HP: 24/24 MP: 5/8
  3020 | D:2      | Found a runed door.
  3181 | D:2      | Reached skill level 5 in Short Blades
  3181 | D:2      | Reached skill level 5 in Dodging
  3181 | D:2      | Reached skill level 6 in Conjurations
  3181 | D:2      | Reached XP level 5. HP: 28/28 MP: 9/12
  3182 | D:2      | Noticed Crazy Yiuf
  3185 | D:2      | Killed Crazy Yiuf
  3185 | D:2      | Reached skill level 5 in Spellcasting
  3491 | D:2      | Noticed Jessica
  3500 | D:2      | Killed Jessica
  3611 | D:2      | Noticed an ogre
  3619 | D:2      | Killed an ogre
  3619 | D:2      | Reached XP level 6. HP: 32/32 MP: 9/13
  4090 | D:3      | Found a blossoming altar of Fedhas.
  4333 | D:3      | Noticed Sigmund
  4338 | D:3      | Killed Sigmund
  4338 | D:3      | Reached XP level 7. HP: 36/36 MP: 5/15
  4869 | D:3      | Found a stormy altar of Qazlal.
  4880 | D:3      | Became a worshipper of Qazlal Stormbringer
  5278 | D:4      | Reached skill level 7 in Conjurations
  5736 | D:4      | Slain by a killer bee

Skill      XL: |  1  2  3  4  5  6  7 |
---------------+----------------------+-----
Stealth        | 6 |  6.5
Short Blades   | 5 |  5.1
Throwing       | 4 |  4.2
Armour         | 3 |  3.3
Dodging        | 5 |  5.6
Unarmed Combat | 3 |  3.8
Spellcasting   | 4 5 |  5.6
Conjurations   | 6 7 |  7.1
Fighting       | |  0.2

Action                   |  1- 3 |  4- 6 |  7- 9 || total
-------------------------+-------+-------+-------++-------
Melee: Unarmed           |     3 |       |       ||     3
       Quarterstaff      |       |     2 |     5 ||     7
Throw: Stone             |    12 |       |       ||    12
 Cast: Magic Dart        |    63 |    44 |    12 ||   119
       Searing Ray       |     4 |    12 |    22 ||    38
  Use: Scroll            |       |     3 |     2 ||     5
       Potion            |       |     2 |     1 ||     3
  Eat: Chunk             |    11 |     8 |     5 ||    24
Armor: Robe              |     1 |       |       ||     1
       Ring mail         |       |       |     8 ||     8
Dodge: Dodged            |    35 |     6 |    24 ||    65
